 Dungeon Crawl Stone Soup version 0.27-a0-1137-g3ef0f4ec91 (webtiles) character file.

Game seed: 9563029560267999805

105 kae the Slasher (level 4, -2/35 HPs)
             Began as a Demonspawn Abyssal Knight on May 6, 2021.
             Was a Believer of Lugonu.
             Slain by a gnoll sergeant
             ... wielding a +0 trident
              (8 damage)
             ... on level 2 of the Dungeon.
             The game lasted 00:01:46 (2662 turns).

kae the Slasher (Demonspawn Abyssal Knight)         Turns: 2662, Time: 00:01:47

Health: -2/35      AC: 12    Str: 13    XL:     4   Next: 54%
Magic:  5/5        EV:  2    Int: 13    God:    Lugonu [**....]
Gold:   50         SH:  0    Dex: 13    Spells: 3/3 levels left

rFire    . . .     SeeInvis .   a - +1 falchion
rCold    . . .     Faith    .   (no shield)
rNeg     . . .     Spirit   .   f - +0 plate armour
rPois    .         Reflect  .   (no helmet)
rElec    .         Harm     .   (no cloak)
rCorr    .         Rampage  .   g - +1 pair of gloves
Will     .....                  (no boots)
Stlth    ..........             (no amulet)
HPRegen  0.11/turn              (no ring)
MPRegen  0.09/turn              (no ring)

@: held
A: hooves 2, demonic guardian 1
a: Renounce Religion, Depart the Abyss, Bend Space


You were on level 2 of the Dungeon.
You worshipped Lugonu.
Lugonu was pleased with you.
You visited 1 branch of the dungeon, and saw 3 of its levels.
You visited the Abyss 1 time.

You collected 50 gold pieces.

Inventory:

Hand Weapons
 a - a +1 falchion (weapon)
Armour
 f - a +0 plate armour (worn)
 g - a +1 pair of gloves (worn)
Scrolls
 d - 2 scrolls of amnesia
Potions
 c - a potion of ambrosia
 e - a potion of might {unknown}


   Skills:
 - Level 3.0 Fighting
 + Level 4.4 Long Blades
 - Level 1.7 Armour
 - Level 0.8 Dodging
 - Level 2.4 Invocations


You had 3 spell levels left.
You didn't know any spells.
Your spell library was empty.

Dungeon Overview and Level Annotations

Branches:
Dungeon (3/15)

Altars:


Innate Abilities, Weirdness & Mutations

You have hoof-like feet.
A weak demonic guardian rushes to your aid.


Message History

You hit the gnoll sergeant but do no damage.
The gnoll sergeant blocks your attack.
The gnoll sergeant is lightly wounded.
The gnoll hits you but does no damage.
The gnoll sergeant hits you but does no damage.
You hit the gnoll sergeant but do no damage.
The gnoll sergeant is lightly wounded.
The gnoll sergeant barely misses you.
You riposte.
You hit the gnoll sergeant but do no damage.
Your kick misses the gnoll sergeant.
The gnoll sergeant is lightly wounded.
The gnoll hits you from afar with a +0 spear.
The gnoll hits you but does no damage.
The gnoll sergeant hits you with a +0 trident.
You hit the gnoll sergeant. You kick the gnoll sergeant.
The gnoll sergeant is moderately wounded.
The gnoll barely misses you.
The gnoll sergeant hits you with a +0 trident.
You are too injured to fight recklessly!
You are too injured to fight recklessly!
The gnoll sergeant blocks your attack.
The gnoll sergeant is moderately wounded.
The gnoll sergeant hits you with a +0 trident.
The gnoll hits you from afar with a +0 spear.
You hit the gnoll sergeant. Your kick misses the gnoll sergeant.
The gnoll sergeant is moderately wounded.
The gnoll sergeant barely misses you.
You riposte.
You hit the gnoll sergeant.
The gnoll sergeant is moderately wounded.
The gnoll hits you but does no damage.
The gnoll throws a throwing net.
The throwing net hits you.
You become entangled in the net!
The gnoll sergeant hits you from afar with a +0 trident.
* * * LOW HITPOINT WARNING * * *
A demonic guardian appears!
You see here a throwing net.
You struggle against the net.
The gnoll misses your quasit.
The gnoll sergeant blocks your quasit's attack. x2
Your quasit barely misses the gnoll sergeant.
The gnoll sergeant hits you from afar with a +0 trident!
You die...

..[..)..### #..#..............
..#.......# #....########.####
#....##...# ##..### ##.# ##
####5g....#####....########..#
#. #
#.##>.....#......()......## #.
####g####..........##########
#. ##...............#.# ##.
g..#.......#.g5.##.## #..
##....#..#...#g.@...### #.#
..#....##...#........#### #.#
.###....##.###.#..†#.....##
#.# #
#....##.....#...#.#....#####.#
#....###..###.#...##...[.....#
....# #......#...##.........#
###..###.#..#...).....#
##.....#..#........)#
##..###....#######.#


You could see a gnoll sergeant (ally target), a gnoll and a friendly quasit
(summoned).

Vanquished Creatures
  An adder (D:2)
  3 gnolls
  A dart slug (D:2)
  7 ball pythons
  6 endoplasms
  4 goblins
  3 hobgoblins
  8 jackals
  5 kobolds
  2 quokkas
  4 bats
  4 frilled lizards
  4 rats
52 creatures vanquished.

Vanquished Creatures (collateral kills)
  An adder (D:3)
  An endoplasm (D:3)
2 creatures vanquished.

Grand Total: 54 creatures vanquished

Notes
Turn   | Place    | Note
-------+----------+-------------------------------------------
     0 | Abyss:1  | kae the Demonspawn Abyssal Knight began the quest for the
                  | Orb.
     0 | Abyss:1  | Reached XP level 1. HP: 18/18 MP: 2/2
    81 | Abyss:1  | Noticed a quasit
    97 | Abyss:1  | Noticed a demonic crawler
   102 | Abyss:1  | Found a shimmering blue altar of Sif Muna.
   102 | Abyss:1  | Noticed a boggart
   102 | Abyss:1  | Noticed an iron dragon zombie
   102 | Abyss:1  | Noticed a shadow demon
   125 | Abyss:1  | Noticed a quasit
   129 | D:1      | Escaped the Abyss
   179 | D:1      | Reached skill level 2 in Long Blades
   181 | D:1      | Reached * piety under Lugonu
   461 | D:1      | Gained mutation: You have large cloven feet. [demonic
                  | ancestry]
   461 | D:1      | Reached XP level 2. HP: 24/24 MP: 3/3
   775 | D:1      | Reached skill level 3 in Long Blades
   986 | D:1      | Gained mutation: You have hoof-like feet. [demonic
                  | ancestry]
   986 | D:1      | Reached XP level 3. HP: 28/29 MP: 4/4
  1000 | D:1      | Found a faded altar of an unknown god.
  1300 | D:2      | HP: 1/29 [gnoll/+0 whip (3)]
  1327 | D:2      | Reached skill level 4 in Long Blades
  1327 | D:2      | Gained mutation: A weak demonic guardian rushes to your
                  | aid. [demonic ancestry]
  1327 | D:2      | Reached XP level 4. HP: 35/35 MP: 5/5
  1487 | D:2      | Noticed a gnoll sergeant
  1763 | D:3      | Reached ** piety under Lugonu
  2662 | D:2      | Slain by a gnoll sergeant

Illustrated notes

Levels and vault maps discovered:
D:1:      minmay_arrival_diagonal_passages, layout_loops_ring,
          basic_ecumenical_altar
D:2:      layout_rooms, hangedman_abyss_or_decor_stabs
D:3:      layout_basic, minmay_misc_feat_pillars, due_unseen_surprise

Skill      XL: |  1  2  3 |
---------------+----------+-----
Long Blades    | 2 3 4 |  4.4
Fighting       | |  3.0
Armour         | |  1.7
Dodging        | |  0.8
Invocations    | |  2.4

Action                   |  1- 3 |  4- 6 || total
-------------------------+-------+-------++-------
Melee: Falchion          |    93 |    46 ||   139
       Kick              |    12 |     9 ||    21
Invok: Depart the Abyss  |     1 |       ||     1
  Use: Scroll            |     3 |       ||     3
       Potion            |     2 |       ||     2
Armor: Leather armour    |    39 |       ||    39
       Plate armour      |       |    43 ||    43
Dodge: Dodged            |    72 |    18 ||    90
       Rpst.: Falchion   |    23 |     3 ||    26

Table legend: (Time is in decaauts)
 A = Elapsed time spent in this place.
 B = Non-inter-level travel time spent in this place.
 C = Inter-level travel time spent in this place.
 D = Time resting spent in this place.
 E = Time spent auto-exploring this place.
 F = Levels seen in this place.
 G = Mean time per level.
                   A        B        C        D        E       F      G
               +--------+--------+--------+--------+--------+-----+--------+
         Total |   2681 |   2649 |     32 |    907 |   1325 |   4 |  670.2 |
       Dungeon |   2552 |   2520 |     32 |    907 |   1233 |   3 |  850.7 |
         Abyss |    129 |    129 |      0 |      0 |     92 |   1 |  129.0 |
               +--------+--------+--------+--------+--------+-----+--------+

Top non-repeatable levels by time:
     D:1: 1094 daAuts
     D:3: 1082 daAuts
     D:2: 376 daAuts
 Abyss:1: 129 daAuts
